 Dungeon Crawl Stone Soup version 0.19.5 (webtiles) character file.

27 fili the Digger (level 3, 19/19 HPs)
             Began as a Gargoyle Earth Elementalist on Mar 14, 2017.
             Got out of the dungeon alive.
             The game lasted 00:15:49 (2071 turns).

fili the Digger (Gargoyle Earth Elementalist)       Turns: 2071, Time: 00:15:50

Health: 19/19      AC:  5    Str: 11    XL:     3   Next: 10%
Magic:  6/6        EV: 12    Int: 14    God:
Gold:   22         SH:  0    Dex: 10    Spells: 1 memorised, 5 levels left

rFire  . . .     SeeInvis .     i - -3 whip (curse)
rCold  . . .     Gourm    .     a - +0 robe
rNeg   + . .     Faith    .     (no shield)
rPois  ∞         Spirit   .     (no helmet)
rElec  +         Reflect  .     (no cloak)
rCorr  .         Harm     .     (no gloves)
MR     .....                    (no boots)
Stlth  ++........               (no amulet)
                                (no ring)
                                k - -2 ring of intelligence (curse)

@: no status effects
A: negative energy resistance 1, electricity resistance, unbreathing,
petrification resistance, rot immunity, AC +3
a: no special abilities


You escaped.
You were not hungry.

You visited 1 branch of the dungeon, and saw 1 of its levels.

You collected 22 gold pieces.

Inventory:

Hand Weapons
 f - a +0 club
 i - a cursed -3 whip (weapon)
 j - a +0 whip
 m - a +0 short sword
Missiles
 b - 78 stones (quivered)
Armour
 a - a +0 robe (worn)
 c - a +0 robe
Jewellery
 k - a cursed -2 ring of intelligence (left hand)
Potions
 g - a potion of might {unknown}
Books
 e - a book of Geomancy

   Spells                             Type                      Level
   a - Sandblast                      Earth                        1
   b - Passwall                       Transmutation/Earth          2
   c - Stone Arrow                    Conjuration/Earth            3
   d - Petrify                        Transmutation/Earth          4
   e - Lee's Rapid Deconstruction     Earth                        5
Comestibles
 d - a bread ration


   Skills:
 - Level 1.5 Dodging
 - Level 2.1 Stealth
 - Level 2.0 Spellcasting
   Level 0.7 Transmutations
 + Level 5.0 Earth Magic


You had 5 spell levels left.
You knew the following spells:

 Your Spells              Type           Power        Failure   Level  Hunger
a - Sandblast             Erth           ###...       2%          1    ##.....


Dungeon Overview and Level Annotations

Branches:
Dungeon (1/15)

Altars:


Innate Abilities, Weirdness & Mutations

You are resistant to torment.
Your stone body is resilient. (AC +3)
You are immune to poison.
You resist negative energy. (rN+)
You are resistant to electric shocks. (rElec)
You can survive without breathing.
You are immune to petrification.
You are immune to rotting.


Message History

As you open the door, it creaks loudly!
There is an open door here.
You open the door.
There is an open door here.
There is an open door here.
There is an open door here.
There is a large open door here.
There is a large open door here.
A bat comes into view.
A bat is nearby!
There is a large open door here.
There is a large open door here.
There is an open door here.
You see here a club.
There is a staircase leading out of the dungeon here.
You can't go down here!
Are you sure you want to leave the Dungeon?
This will make you lose the game!
Uppercase [Y]es or [N]o only, please.
Are you sure you want to leave the Dungeon?
This will make you lose the game!
You have escaped!

#...# #.#.###########.#******
..### #####.#.# #.#,,,,,,
...####...#.#.###########.#,*****
........#...............#.#,*,,,,
###...#.#...##)###'##.#.#.#,*,**,
...####.#...#≈.≈§≈.≈#.#.#.#,*,,*,
##'####.#...#≈≈.≈.≈≈#....>#,*,,*,
........###.#≈≈..§≈≈#.#.###,*,,*,
........# #...≈.@.§§..#.# *,*,,*,
........# #.#≈≈...≈≈#.#.# *,*,,*,
###.###.###.#≈≈.≈.≈≈#.#.# *,*,,*,
............#≈.≈≈≈.≈#.#.# *,****,
.......#######'###'##.#.# *,,,,,,
.......# #.[........#.#********
.......# #.##########,,,,,,,,,,
.......# #.# *********** .......#
#.#


There were no monsters in sight!

Vanquished Creatures
  2 leopard geckos (D:1)
  3 goblins (D:1)
  3 hobgoblins (D:1)
  6 bats (D:1)
  5 kobolds (D:1)
  4 rats (D:1)
23 creatures vanquished.

Notes
Turn   | Place    | Note
-------+----------+-------------------------------------------
     0 | D:1      | fili the Gargoyle Earth Elementalist began the quest for the Orb.
     0 | D:1      | Reached XP level 1. HP: 10/10 MP: 3/3
   347 | D:1      | Reached skill level 4 in Earth Magic
   383 | D:1      | Reached XP level 2. HP: 9/15 MP: 1/5
  1108 | D:1      | Reached XP level 3. HP: 19/19 MP: 0/6
  1285 | D:1      | Reached skill level 5 in Earth Magic
  2071 | D:$      | Got out of the dungeon alive.

Skill      XL: |  1  2  3 |
---------------+----------+-----
Earth Magic    | 4 5 |  5.0
Dodging        | |  1.5
Stealth        | |  2.1
Spellcasting   | |  2.0
Transmutations | |  0.7

Action                   || total
-------------------------++-------
Melee: Club              ||    15
       Whip              ||    34
 Cast: Sandblast         ||    60
  Use: Scroll            ||     2
  Eat: Chunk             ||     1
       Meat ration       ||     1
Armor: Robe              ||    77
Dodge: Dodged            ||   144
